 Dungeon Crawl Stone Soup version 0.25-a0-589-g1e14c549ee (webtiles) character file.

Game seed: 1924317722947784585, levelgen mode: deterministic

11337 An17 the Unseen (level 11, 0/58 HPs)
             Began as a Vampire Enchanter on Mar 11, 2020.
             Was an Elder of Dithmenos.
             Slain by a seven-headed hydra (9 damage)
             ... on level 2 of the Lair of Beasts.
             The game lasted 00:38:45 (9768 turns).

An17 the Unseen (Vampire Enchanter)                 Turns: 9768, Time: 00:38:46

Health: 0/58       AC:  6    Str:  7    XL:     11   Next: 48%
Magic:  22/22      EV: 15    Int: 19    God:    Dithmenos [****..]
Gold:   648        SH:  0    Dex: 17    Spells: 13/25 levels left

rFire    . . .     SeeInvis +   I - +3 dagger (venom)
rCold    + + .     Gourm    .   (no shield)
rNeg     + + +     Faith    .   b - +2 robe
rPois    ∞         Spirit   .   (no helmet)
rElec    .         Reflect  .   x - +0 cloak
rCorr    +         Harm     .   F - +0 pair of gloves
MR       +....                  (no boots)
Stlth    ++++++++++             d - amulet of magic regeneration
HPRegen  0.00/turn              m - ring of resist corrosion
MPRegen  0.43/turn              (no ring)

@: bloodless, wreathed by umbra
A: no food, fangs 3, see invisible, unbreathing
a: Bat Form, Revivify, Shadow Step, Renounce Religion


You were on level 2 of the Lair of Beasts.
You worshipped Dithmenos.
Dithmenos was greatly pleased with you.
You were bloodless.

You visited 3 branches of the dungeon, and saw 13 of its levels.

You collected 648 gold pieces.

Inventory:

Hand Weapons
 w - a +3 quarterstaff of chaos
 y - the cursed +1 mace "Tattletale" {protect, MR- Str+6 Int+8, unknown}
   (You found it on level 8 of the Dungeon)

   It grants its wielder temporary protection when it strikes (+7 to AC).
   It affects your strength (+6).
   It affects your intelligence (+8).
   It affects your resistance to hostile enchantments.
   It has a curse placed upon it.
 D - a +2 hand axe of flaming
 E - a +3 trident
 I - a +3 dagger of venom (weapon)
Missiles
 g - 3 curare-tipped darts (quivered)
 l - 83 poisoned darts
Armour
 b - a +2 robe (worn)
 h - a +0 ring mail
 x - a +0 cloak (worn)
 F - a +0 pair of gloves (worn)
Jewellery
 d - an amulet of magic regeneration (around neck)
 i - an uncursed amulet of harm
 m - a ring of resist corrosion (left hand)
 o - an uncursed amulet of guardian spirit
 t - a +3 amulet of reflection
Wands
 a - a wand of digging (3)
 r - a wand of enslavement (7)
 u - a wand of disintegration (7)
 v - a wand of flame (9)
 C - a wand of iceblast (11)
 G - a wand of paralysis (13)
 J - a wand of acid (13)
Scrolls
 j - 4 scrolls of enchant weapon
 p - 5 scrolls of teleportation
 B - a scroll of amnesia
 H - a scroll of vulnerability
 K - a scroll of identify
Potions
 c - a potion of heal wounds
 e - 5 potions of curing
 f - 2 potions of invisibility {unknown}
 k - a potion of haste
 n - 2 potions of might
 q - a potion of mutation {unknown}
 s - 2 potions of flight
 z - 3 potions of brilliance
 A - 2 potions of stabbing


   Skills:
 + Level 2.4 Fighting
 + Level 5.1 Short Blades
 + Level 4.8 Dodging
 + Level 16.2 Stealth
 + Level 7.6 Spellcasting
 + Level 11.0 Hexes
 + Level 3.7 Necromancy
 + Level 6.6 Ice Magic


You had 13 spell levels left.
You knew the following spells:

 Your Spells              Type           Power        Failure   Level  Hunger
a - Vampiric Draining     Necr           ###.......   6%          3    N/A
b - Ensorcelled Hibernat  Hex/Ice        #####.       1%          2    N/A
c - Confusing Touch       Hex            #####...     1%          3    N/A
d - Animate Skeleton      Necr           N/A          1%          1    N/A
e - Tukima's Dance        Hex            #####...     1%          3    N/A

Your spell library contained the following spells:

 Spells                   Type           Power        Failure   Level  Hunger
 Corona                   Hex            #####..      1%          1    N/A
 Pain                     Necr           ###.         1%          1    N/A
 Dazzling Flash           Conj/Hex       ####..       3%          3    N/A
 Metabolic Englaciation   Hex/Ice        #####.....   7%          5    N/A
 Animate Dead             Necr           N/A          21%         4    N/A
 Yara's Violent Unravell  Hex/Tmut       ####......   26%         5    N/A
 Gell's Gravitas          Tloc           #.........   28%         3    N/A
 Agony                    Necr           ###.....     50%         5    N/A
 Petrify                  Tmut/Erth      #.......     67%         4    N/A

Dungeon Overview and Level Annotations

Branches:
Dungeon (10/15)            Temple (1/1) D:5            Lair (2/6) D:10
    Orc (0/2) D:9
  Swamp: Lair:2-4    Shoals: Lair:2-4     Snake: Lair:2-4    Spider: Lair:2-4

Altars:
Ashenzari
Cheibriados
Dithmenos
Elyvilon
Fedhas
Gozag
Hepliaklqana
Kikubaaqudgha
Makhleb
Nemelex Xobeh
Qazlal
Ru
Sif Muna
Trog
Uskayaw
Vehumet
Wu Jian
Xom


Innate Abilities, Weirdness & Mutations

You do not eat.
You do not regenerate when monsters are visible.
You are frail without blood (-20% HP).
You can heal yourself when you bite living creatures.
You are immune to poison.
You have razor-sharp teeth.
You have supernaturally acute eyesight. (SInv)
You can survive without breathing.


Message History

The seven-headed hydra bites you but does no damage.
The seven-headed hydra bites you! The seven-headed hydra bites you!
The seven-headed hydra bites you but does no damage.
The seven-headed hydra barely misses you.
The seven-headed hydra bites you but does no damage.
The seven-headed hydra bites you. x2
The seven-headed hydra barely misses you.
The electric eel shoots out a bolt of lightning at you!
The bolt of electricity hits you!
* * * LOW HITPOINT WARNING * * *
The bolt of electricity hits the plant!
Okay, then.
You feel much better. The seven-headed hydra bites you.
The seven-headed hydra barely misses you.
The seven-headed hydra closely misses you.
The seven-headed hydra bites you!
* * * LOW HITPOINT WARNING * * *
The seven-headed hydra bites you!
You die...

##..# P.♣≈≈≈♣♣ .#..# ♣
♣..≈≈≈. ....# .♣♣
♣.P≈≈≈♣♣♣ .####
♣..♣♣.≈≈≈≈?. ###
♣P.P≈≈≈≈♣ ..## ##♣ ♣♣
♣(..≈≈≈≈♣ .. .PP#
##.♣♣♣.P♣♣♣.≈≈≈≈♣♣♣.♣
...###...♣♣♣.♣...D≈≈♣.♣.P
..........♣ ♣.♣♣@;≈≈P♣.♣
. ..(####..♣♣
.♣P.♣≈≈≈..♣♣ .♣
#######..♣♣
♣.♣.≈≈≈≈.♣P♣.♣
###.P##.#.♣♣.♣P.≈≈≈≈.♣.P♣
.....##.#.♣.
♣♣.≈≈≈≈..♣..♣ ..........♣
♣♣♣≈≈≈≈.♣P♣♣♣ ....<....♣♣
♣..≈≈≈≈.♣♣♣ ###...#..♣♣
♣♣♣≈≈≈≈..♣
#.###♣♣♣P♣♣♣.♣≈≈≈♣.♣.♣♣


You could see a seven-headed hydra and an electric eel.

Vanquished Creatures
  A hydra (Lair:2)
  Pikel (D:6)
  2 elephants (Lair:2)
  A black mamba (Lair:1)
  3 spiny frogs
  A rime drake (Lair:1)
  2 komodo dragons (D:10)
  A queen bee (D:10)
  2 hornets
  A hippogriff (Lair:2)
  Sigmund (D:3)
  7 yaks
  A wyvern (D:10)
  A basilisk (Lair:1)
  A hungry ghost (D:10)
  2 water moccasins
  7 orc warriors
  3 porcupines
  2 sky beasts
  A phantom (D:10)
  2 necrophages
  2 black bears
  8 ogres
  A centaur (D:8)
  3 crocodiles
  4 bullfrogs
  A wyvern zombie (D:7)
  8 scorpions
  12 killer bees (D:10)
  A crimson imp (D:8)
  2 jellies
  A quasit (D:6)
  3 orc priests
  A bullfrog skeleton (D:10)
  3 centaur skeletons
  A hound (D:10)
  4 orc wizards
  Crazy Yiuf (D:5)
  4 iguanas
  Ijyb (D:5)
  9 worker ants
  A gnoll (D:4)
  A worker ant zombie (D:8)
  11 adders
  2 shadow imps
  An ooze (D:2)
  2 adder zombies
  An adder skeleton (D:6)
  2 dart slugs (D:2)
  7 leopard geckos
  41 orcs
  2 ball pythons
  2 bats (D:3)
  2 bat zombies (D:2)
  3 giant cockroaches
  12 goblins
  8 hobgoblins
  25 jackals
  5 kobolds
  2 quokkas
  2 frilled lizards (D:2)
  A leopard gecko zombie (D:6)
  A quokka skeleton (D:8)
  10 rats
257 creatures vanquished.

Vanquished Creatures (collateral kills)
  A yak (D:10)
  2 porcupines
  A black bear (D:10)
  A killer bee (D:10)
  2 orc wizards
  An iguana (Lair:1)
  A hound zombie (D:10)
  A worker ant zombie (D:10)
  2 gnolls (D:4)
  An adder skeleton (D:8)
  8 orcs
  A giant cockroach (D:7)
  2 jackals
  A plant (D:10)
25 creatures vanquished.

Vanquished Creatures (others)
  A wizard (D:10)
  An adder (D:6)
  15 fungi (D:10)
  A plant (D:10)
18 creatures vanquished.

Grand Total: 300 creatures vanquished

Notes
Turn   | Place    | Note
-------+----------+-------------------------------------------
     0 | D:1      | An17 the Vampire Enchanter began the quest for the Orb.
     0 | D:1      | Reached XP level 1. HP: 13/13 MP: 3/3
   191 | D:1      | Reached XP level 2. HP: 18/19 MP: 5/5
   200 | D:1      | Learned a level 2 spell: Ensorcelled Hibernation
   426 | D:1      | Reached skill level 5 in Stealth
   691 | D:2      | Reached skill level 5 in Hexes
   748 | D:2      | Reached XP level 3. HP: 19/19 MP: 4/6
   753 | D:2      | Learned a level 3 spell: Confusing Touch
   812 | D:2      | Found an ancient bone altar of Kikubaaqudgha.
   977 | D:2      | Found an opulent altar of Gozag.
  1500 | D:3      | Reached XP level 4. HP: 18/24 MP: 5/7
  1502 | D:3      | Reached skill level 6 in Stealth
  1678 | D:3      | Reached skill level 1 in Ice Magic
  1693 | D:3      | Learned a level 1 spell: Animate Skeleton
  1754 | D:3      | Reached XP level 5. HP: 28/28 MP: 7/9
  1915 | D:3      | Noticed Sigmund
  2427 | D:4      | Noticed an ogre
  2485 | D:3      | Killed an ogre
  2485 | D:3      | Reached skill level 7 in Stealth
  2528 | D:3      | Killed Sigmund
  2528 | D:3      | Reached XP level 6. HP: 26/33 MP: 7/11
  2534 | D:3      | Learned a level 3 spell: Tukima's Dance
  3045 | D:4      | Reached XP level 7. HP: 37/37 MP: 9/12
  3091 | D:4      | Reached skill level 8 in Stealth
  3194 | D:4      | Found a blossoming altar of Fedhas.
  3322 | D:4      | Learned a level 3 spell: Vampiric Draining
  3383 | D:4      | Reached skill level 1 in Necromancy
  3384 | D:4      | Found an ornate altar of the Wu Jian Council.
  3472 | D:5      | Entered Level 5 of the Dungeon
  3513 | D:5      | Found a staircase to the Ecumenical Temple.
  3525 | Temple   | Entered the Ecumenical Temple
  3533 | Temple   | Became a worshipper of Dithmenos the Shadowed
  4023 | D:5      | Noticed Ijyb
  4028 | D:5      | Killed Ijyb
  4137 | D:5      | Found a runed translucent door.
  4138 | D:5      | Noticed Crazy Yiuf
  4145 | D:5      | Killed Crazy Yiuf
  4333 | D:6      | Found a shimmering blue altar of Sif Muna.
  4340 | D:6      | Found a sparkling altar of Nemelex Xobeh.
  4342 | D:6      | Found a radiant altar of Vehumet.
  4345 | D:6      | Found a sacrificial altar of Ru.
  4394 | D:6      | Reached skill level 9 in Stealth
  4394 | D:6      | Reached XP level 8. HP: 42/42 MP: 12/14
  4451 | D:6      | Noticed Pikel
  4470 | D:6      | Killed Pikel
  4470 | D:6      | Reached skill level 1 in Fighting
  4470 | D:6      | Reached skill level 10 in Stealth
  4489 | D:6      | Reached * piety under Dithmenos
  4941 | D:7      | Reached skill level 11 in Stealth
  4947 | D:7      | You fall into a shaft and drop 1 floor!
  4976 | D:8      | Got a transparent mace
  4979 | D:8      | Reached XP level 9. HP: 47/47 MP: 16/16
  5536 | D:7      | Reached skill level 5 in Spellcasting
  5568 | D:8      | Found Imext's General Store.
  5733 | D:8      | Reached skill level 12 in Stealth
  5831 | D:8      | Reached ** piety under Dithmenos
  6528 | D:9      | Found a hazy altar of Hepliaklqana.
  6583 | D:9      | Reached skill level 13 in Stealth
  6640 | D:9      | Found a staircase to the Orcish Mines.
  7542 | D:10     | Entered Level 10 of the Dungeon
  7562 | D:10     | Noticed a queen bee
  7565 | D:10     | Killed a queen bee
  7569 | D:10     | Reached XP level 10. HP: 53/53 MP: 18/18
  7683 | D:10     | Reached skill level 5 in Ice Magic
  7736 | D:9      | Reached *** piety under Dithmenos
  7738 | D:9      | Reached skill level 14 in Stealth
  7782 | D:10     | Found a staircase to the Lair.
  7799 | D:10     | Reached skill level 10 in Hexes
  8058 | D:10     | Found a bloodstained altar of Trog.
  8059 | D:10     | Noticed a wizard
  8065 | D:10     | Killed a wizard
  8472 | Lair:1   | Entered Level 1 of the Lair of Beasts
  8494 | Lair:1   | Noticed a spiny frog
  8503 | Lair:1   | Killed a spiny frog
  8547 | Lair:1   | Reached **** piety under Dithmenos
  8547 | Lair:1   | Reached skill level 15 in Stealth
  8596 | Lair:1   | Noticed a black mamba
  8941 | D:10     | Reached XP level 11. HP: 57/57 MP: 13/21
  9467 | Lair:2   | Noticed an eight-headed hydra
  9476 | Lair:2   | Killed an eight-headed hydra
  9476 | Lair:2   | Reached skill level 5 in Short Blades
  9745 | Lair:2   | Reached skill level 16 in Stealth
  9762 | Lair:2   | Noticed a seven-headed hydra
  9768 | Lair:2   | Slain by a seven-headed hydra

Levels and vault maps discovered:
D:1:      scummos_arrival_simple_crosswalls, layout_basic, serial_park_tiny_2
D:2:      layout_loops_ring, lemuel_zombie_altar_kikubaaqudgha,
          grunt_gozag_breadcrumbs, first_ration
D:3:      layout_basic, uniq_sigmund
D:4:      layout_rooms, old_standard_altar, fedhas_altar_2
D:5:      layout_loops_corners, minmay_temple_entry_grid,
          uniq_crazy_yiuf_cottage, uniq_ijyb
D:6:      layout_rooms, minitemple, uniq_pikel
D:7:      layout_basic
D:8:      layout_basic, serial_shops, shop
D:9:      layout_grid_maze, kennysheep_mini_moat, hiddenorc1_lemuel
D:10:     layout_irregular_city, due_lair_maze_entry_diamond, david_nohive_1,
          trog_wizard
Temple:   eino_temple_lava
Lair:1:   beast_lair_carwin_large_1, layout_misc_corridors, grunt_megastairs_5
Lair:2:   layout_loops_ring, grunt_megastairs_4, wad_woods_river_01

Skill      XL: |  1  2  3  4  5  6  7  8  9 10 11 |
---------------+----------------------------------+-----
Stealth        | 5 6 7 9 11 13 15 16 | 16.2
Hexes          | 5 6 7 8 9 10 11 | 11.0
Ice Magic      | 1 2 3 4 6 |  6.6
Spellcasting   | 3 4 5 6 7 |  7.6
Short Blades   | 2 3 4 5 |  5.1
Necromancy     | 2 3 |  3.7
Dodging        | 3 4 |  4.8
Fighting       | 1 2 |  2.4

Action                   |  1- 3 |  4- 6 |  7- 9 | 10-12 || total
-------------------------+-------+-------+-------+-------++-------
Melee: Dagger            |    99 |    63 |   170 |   150 ||   482
       Bite              |     9 |     2 |     7 |    11 ||    29
Throw: Dart              |     2 |     3 |       |       ||     5
 Cast: Corona            |     3 |       |       |       ||     3
       Ensorcelled Hiber |    17 |    47 |    52 |    68 ||   184
       Animate Skeleton  |       |     7 |    26 |    15 ||    48
       Tukima's Dance    |       |       |     3 |     1 ||     4
       Confusing Touch   |       |       |     1 |     2 ||     3
 Abil: Exsanguinate      |     1 |       |       |       ||     1
  Use: Scroll            |     9 |       |    11 |     8 ||    28
       Potion            |       |       |       |     1 ||     1
 Stab: Sleeping          |    29 |    32 |    89 |    55 ||   205
       Distracted        |       |     1 |     1 |     2 ||     4
       Confused          |       |       |     2 |     3 ||     5
Armor: Robe              |    22 |    12 |    19 |    19 ||    72
Dodge: Dodged            |    65 |    61 |   105 |   124 ||   355

Table legend:
 A = Non-vault XP
 B = Vault XP
 C = Vault XP percentage of total XP
 D = Non-vault monster count
 E = Vault monster count
 F = Vault count percentage of total count
                 A         B        C        D         E       F
            +---------+---------+-------+---------+---------+-------
      Total |   10622 |    5575 |  34.4 |     223 |      58 |  20.6
            +---------+---------+-------+---------+---------+-------
        D:1 |      25 |       0 |   0.0 |      15 |       0 |   0.0
        D:2 |      64 |       4 |   5.9 |      25 |       2 |   7.4
        D:3 |     272 |     223 |  45.1 |      39 |       1 |   2.5
        D:4 |     378 |       0 |   0.0 |      14 |       0 |   0.0
        D:5 |     258 |      75 |  22.5 |      12 |       2 |  14.3
        D:6 |     543 |     641 |  54.1 |       9 |       1 |  10.0
        D:7 |     648 |       0 |   0.0 |      17 |       0 |   0.0
        D:8 |     958 |       0 |   0.0 |      28 |       0 |   0.0
        D:9 |    1204 |     158 |  11.6 |      16 |      17 |  51.5
       D:10 |    2176 |    2757 |  55.9 |      30 |      27 |  47.4
     Lair:1 |    2112 |     322 |  13.2 |      11 |       5 |  31.2
     Lair:2 |    1984 |    1395 |  41.3 |       7 |       3 |  30.0
            +---------+---------+-------+---------+---------+-------
